| TOP OF THE 1ST |
|
Orem Owlz batting - Pitching for Elizabethton Twins : RHP Andrew Rich
|
|
Pitching: RHP Andrew Rich
|
|
|
Batting: SHB Butch Brown
|
0-0: SINGLE (Groundball, 3D, EV 109.4 MPH)
|
|
Batting: LHB Justin Alexander
|
0-0: Ball 1-0: Ground out 6-3 (Groundball, 6S, EV 68.1 MPH) Butch Brown to second
|
|
Batting: LHB Brett Bugge
|
0-0: Ball Butch Brown steals 3rd, throwing error, E2 Butch Brown scores 1-0: Ball 2-0: Ball 3-0: Base on Balls
|
|
Batting: RHB Mike Alm
|
0-0: Ball 1-0: Swinging Strike 1-1: Ball 2-1: Ball 3-1: Base on Balls Brett Bugge to second
|
|
Batting: RHB Ryan Pelletier
|
0-0: Ball 1-0: Called Strike 1-1: Ball 2-1: SINGLE (Groundball, 6S, EV 73.1 MPH) (infield hit) Brett Bugge to third Mike Alm to second
|
|
Batting: RHB Danny Bjarnson
|
0-0: Called Strike 0-1: Called Strike 0-2: Ball 1-2: SINGLE (Groundball, 4MD, EV 101.9 MPH) Brett Bugge scores Mike Alm to third Ryan Pelletier to second
|
|
Pitching: RHP Jon Hice
|
|
|
Batting: RHB J.R. Roberts
|
0-0: Ball 1-0: Called Strike 1-1: Swinging Strike 1-2: Strikes out looking
|
|
Batting: RHB Kinya Nishimura
|
0-0: TRIPLE (Line Drive, 78XD, EV 102.5 MPH) Mike Alm scores Ryan Pelletier scores Danny Bjarnson scores
|
|
Batting: RHB Jose Ramirez
|
0-0: Called Strike 0-1: Ball Wild Pitch! Kinya Nishimura scores 1-1: SINGLE (Groundball, 4MD, EV 105.0 MPH)
|
|
Batting: SHB Butch Brown
|
0-0: Ball 1-0: Ball 2-0: Ball 3-0: Called Strike 3-1: Called Strike 3-2: SINGLE (Groundball, 6MD, EV 105.0 MPH) Jose Ramirez to second Jose Ramirez to third
|
|
Batting: LHB Justin Alexander
|
0-0: Called Strike 0-1: Ball 1-1: SINGLE (Groundball, 4MD, EV 103.1 MPH) (infield hit) Jose Ramirez scores Butch Brown to second
|
|
Batting: LHB Brett Bugge
|
0-0: Foul Ball, location: 2F 0-1: Ball 1-1: Called Strike 1-2: DOUBLE (Flyball, 89XD, EV 98.8 MPH) Butch Brown scores Justin Alexander to third Runner from 3rd tries for Home, SAFE, no throw by CF
|
|
Batting: RHB Mike Alm
|
0-0: Called Strike 0-1: Ball 1-1: Ground out 5-3 (Groundball, 56, EV 81.9 MPH)
|
| Top of the 1st over - 9 runs, 8 hits, 1 error, 1 left on base; Orem 9 - Elizabethton 0 |
| BOTTOM OF THE 1ST |
|
Elizabethton Twins batting - Pitching for Orem Owlz : RHP Chris Russell
|
|
Pitching: RHP Chris Russell
|
|
|
Batting: RHB Andrew Nicol
|
0-0: Ball 1-0: Ball 2-0: Ball 3-0: Called Strike 3-1: Base on Balls
|
|
Batting: LHB David Campbell
|
0-0: Ball 1-0: Called Strike 1-1: Fielders Choice at 2nd, 4-6 (Groundball, 4, EV 98.8 MPH)
|
|
Batting: SHB Dan Morataya
|
0-0: Ball 1-0: Foul Ball, location: 2F 1-1: Swinging Strike 1-2: Ball 2-2: Strikes out looking
|
|
Batting: SHB Chris Hull
|
0-0: Fly out, F9 (Line Drive, 9, EV 90.6 MPH)
|
| Bottom of the 1st over - 0 runs, 0 hits, 0 errors, 1 left on base; Orem 9 - Elizabethton 0 |
| TOP OF THE 2ND |
|
Orem Owlz batting - Pitching for Elizabethton Twins : RHP Jon Hice
|
|
Batting: RHB Ryan Pelletier
|
0-0: Foul Ball, location: 2F 0-1: SINGLE (Groundball, 4MD, EV 101.2 MPH)
|
|
Batting: RHB Danny Bjarnson
|
0-0: Called Strike 0-1: Ball 1-1: Ball 2-1: Fielders Choice at 2nd, 1-6 (Groundball, 13S, EV 68.8 MPH)
|
|
Batting: RHB J.R. Roberts
|
0-0: Foul Ball, location: 2F 0-1: DOUBLE (Groundball, 3L, EV 101.2 MPH) Danny Bjarnson to third
|
|
Batting: RHB Kinya Nishimura
|
0-0: Fly out, F9 (Flyball, 89S, EV 95.0 MPH)
|
|
Batting: RHB Jose Ramirez
|
0-0: Ball 1-0: Ball 2-0: Ball 3-0: Base on Balls
|
|
Batting: SHB Butch Brown
|
0-0: Called Strike 0-1: Ball 1-1: DOUBLE (Flyball, 89XD, EV 110.0 MPH) Danny Bjarnson scores J.R. Roberts scores Jose Ramirez to third Runner from 3rd tries for Home, SAFE, throw by CF to home
|
|
Pitching: RHP Matthew Dodson
|
|
|
Batting: LHB Justin Alexander
|
0-0: Ball 1-0: Ball 2-0: DOUBLE (Line Drive, 78XD, EV 107.5 MPH) Butch Brown scores
|
|
Batting: LHB Brett Bugge
|
0-0: Called Strike 0-1: Foul Ball, location: 2F 0-2: Ball 1-2: Ball 2-2: Fly out, F8 (Flyball, 89S, EV 80.0 MPH)
|
| Top of the 2nd over - 4 runs, 4 hits, 0 errors, 1 left on base; Orem 13 - Elizabethton 0 |
| BOTTOM OF THE 2ND |
|
Elizabethton Twins batting - Pitching for Orem Owlz : RHP Chris Russell
|
|
Batting: RHB Jose Gracia
|
0-0: Ball 1-0: Ball 2-0: Ball 3-0: Called Strike 3-1: Base on Balls
|
|
Batting: RHB Alex Belton
|
0-0: Ball 1-0: Called Strike 1-1: Swinging Strike 1-2: Ball 2-2: Ball 3-2: Foul Ball, location: 2F 3-2: Grounds into double play, 5-4-3 (Groundball, 56S, EV 85.6 MPH)
|
|
Batting: RHB Nick Phipps
|
0-0: Ball 1-0: Foul Ball, location: 2F 1-1: Foul Ball, location: 2F 1-2: Strikes out swinging
|
| Bottom of the 2nd over - 0 runs, 0 hits, 0 errors, 0 left on base; Orem 13 - Elizabethton 0 |
| TOP OF THE 3RD |
|
Orem Owlz batting - Pitching for Elizabethton Twins : RHP Matthew Dodson
|
|
Batting: RHB Mike Alm
|
0-0: Ball 1-0: Ground out 6-3 (Groundball, 6S, EV 86.2 MPH)
|
|
Batting: RHB Ryan Pelletier
|
0-0: Ground out 5-3 (Groundball, 56, EV 80.0 MPH)
|
|
Batting: RHB Danny Bjarnson
|
0-0: Called Strike 0-1: Foul Ball, location: 2F 0-2: Foul Ball, location: 2F 0-2: Ball 1-2: Ball 2-2: Ball 3-2: Foul Ball, location: 2F 3-2: Fly out, F9 (Line Drive, 9, EV 97.5 MPH)
|
| Top of the 3rd over - 0 runs, 0 hits, 0 errors, 0 left on base; Orem 13 - Elizabethton 0 |
| BOTTOM OF THE 3RD |
|
Elizabethton Twins batting - Pitching for Orem Owlz : RHP Chris Russell
|
|
Batting: RHB Jimmy Mayville
|
0-0: Ball 1-0: Fly out, F3 (Popup, 3F, EV 78.8 MPH)
|
|
Batting: SHB Nate Januchowski
|
0-0: Ball 1-0: Called Strike 1-1: Foul Ball, location: 2F 1-2: Strikes out swinging
|
|
Batting: RHB Andrew Nicol
|
0-0: Ground out 6-3 (Groundball, 6, EV 80.0 MPH)
|
| Bottom of the 3rd over - 0 runs, 0 hits, 0 errors, 0 left on base; Orem 13 - Elizabethton 0 |
| TOP OF THE 4TH |
|
Orem Owlz batting - Pitching for Elizabethton Twins : RHP Matthew Dodson
|
|
Batting: RHB J.R. Roberts
|
0-0: Foul Ball, location: 2F 0-1: Foul Ball, location: 2F 0-2: SOLO HOME RUN (Flyball, 7LD, EV 96.2 MPH), Distance : 352 ft
|
|
Batting: RHB Kinya Nishimura
|
0-0: Ball 1-0: Swinging Strike 1-1: Foul Ball, location: 2F 1-2: Strikes out swinging
|
|
Batting: RHB Jose Ramirez
|
0-0: Ground out U3 (Groundball, 34S, EV 85.0 MPH)
|
|
Batting: SHB Butch Brown
|
0-0: Ball 1-0: Called Strike 1-1: Foul Ball, location: 2F 1-2: Fly out, F9 (Flyball, 9S, EV 78.8 MPH)
|
| Top of the 4th over - 1 run, 1 hit, 0 errors, 0 left on base; Orem 14 - Elizabethton 0 |
| BOTTOM OF THE 4TH |
|
Elizabethton Twins batting - Pitching for Orem Owlz : RHP Chris Russell
|
|
Batting: LHB David Campbell
|
0-0: Ball 1-0: Foul Ball, location: 2F 1-1: Ball 2-1: Ball 3-1: Called Strike 3-2: Foul Ball, location: 2F 3-2: DOUBLE (Line Drive, 78XD, EV 106.9 MPH)
|
|
Batting: SHB Dan Morataya
|
0-0: Ball 1-0: Ball 2-0: Ball 3-0: Called Strike 3-1: Called Strike 3-2: Foul Ball, location: 2F 3-2: Base on Balls
|
|
Batting: SHB Chris Hull
|
0-0: Ball 1-0: Called Strike 1-1: Called Strike 1-2: Ball 2-2: Ball 3-2: Strikes out swinging
|
|
Batting: RHB Jose Gracia
|
0-0: Fly out, F9 (Flyball, 89S, EV 94.4 MPH)
|
|
Batting: RHB Alex Belton
|
0-0: Swinging Strike 0-1: Ball 1-1: Called Strike 1-2: Strikes out looking
|
| Bottom of the 4th over - 0 runs, 1 hit, 0 errors, 2 left on base; Orem 14 - Elizabethton 0 |
| TOP OF THE 5TH |
|
Orem Owlz batting - Pitching for Elizabethton Twins : RHP Matthew Dodson
|
|
Batting: LHB Justin Alexander
|
0-0: Called Strike 0-1: Ground out U3 (Groundball, 3, EV 82.5 MPH)
|
|
Batting: LHB Brett Bugge
|
0-0: Ball 1-0: Ground out U3 (Groundball, 3S, EV 81.2 MPH)
|
|
Batting: RHB Mike Alm
|
0-0: Called Strike 0-1: SOLO HOME RUN (Flyball, 7LD, EV 99.4 MPH), Distance : 382 ft
|
|
Batting: RHB Ryan Pelletier
|
0-0: Called Strike 0-1: Ball 1-1: Called Strike 1-2: Strikes out swinging
|
| Top of the 5th over - 1 run, 1 hit, 0 errors, 0 left on base; Orem 15 - Elizabethton 0 |
| BOTTOM OF THE 5TH |
|
Elizabethton Twins batting - Pitching for Orem Owlz : RHP Chris Russell
|
|
Batting: RHB Nick Phipps
|
0-0: Ball 1-0: Foul Ball, location: 2F 1-1: Called Strike 1-2: Ball 2-2: Strikes out looking
|
|
Batting: RHB Jimmy Mayville
|
0-0: Called Strike 0-1: Ball 1-1: Ball 2-1: Swinging Strike 2-2: Strikes out swinging
|
|
Batting: SHB Nate Januchowski
|
0-0: Called Strike 0-1: Called Strike 0-2: Ball 1-2: Ball 2-2: DOUBLE (Flyball, 8RXD, EV 100.0 MPH)
|
|
Batting: RHB Andrew Nicol
|
0-0: Ball 1-0: Foul Ball, location: 2F 1-1: Swinging Strike 1-2: Ball 2-2: Ball 3-2: Ground out 6-3 (Groundball, 6, EV 97.5 MPH)
|
| Bottom of the 5th over - 0 runs, 1 hit, 0 errors, 1 left on base; Orem 15 - Elizabethton 0 |
| TOP OF THE 6TH |
|
Orem Owlz batting - Pitching for Elizabethton Twins : RHP Matthew Dodson
|
|
Pitching: RHP John Giffin
|
|
|
Batting: RHB Danny Bjarnson
|
0-0: Ball 1-0: Foul Ball, location: 2F 1-1: Fly out, F7 (Flyball, 78D, EV 91.2 MPH)
|
|
Batting: RHB J.R. Roberts
|
0-0: Ball 1-0: Ball 2-0: Ball 3-0: Base on Balls
|
|
Batting: RHB Kinya Nishimura
|
0-0: Swinging Strike 0-1: Called Strike 0-2: Strikes out looking
|
|
Batting: RHB Jose Ramirez
|
0-0: Called Strike 0-1: Swinging Strike 0-2: Ball 1-2: Ball 2-2: Ball 3-2: Strikes out swinging
|
| Top of the 6th over - 0 runs, 0 hits, 0 errors, 1 left on base; Orem 15 - Elizabethton 0 |
| BOTTOM OF THE 6TH |
|
Elizabethton Twins batting - Pitching for Orem Owlz : RHP Chris Russell
|
|
Batting: LHB David Campbell
|
0-0: Foul Ball, location: 2F 0-1: Foul Ball, location: 2F 0-2: Ball 1-2: Ball 2-2: Ball 3-2: Base on Balls
|
|
Batting: SHB Dan Morataya
|
0-0: Ball 1-0: Called Strike 1-1: Ball 2-1: Ball 3-1: Base on Balls David Campbell to second
|
|
Batting: SHB Chris Hull
|
0-0: Fly out, F2 (Popup, 3SF, EV 75.0 MPH)
|
|
Pitching: RHP Owen Prouty
|
|
|
Batting: RHB Jose Gracia
|
0-0: Ball 1-0: Foul Ball, location: 2F 1-1: Ball 2-1: Foul Ball, location: 2F 2-2: Ball 3-2: Base on Balls David Campbell to third Dan Morataya to second
|
|
Batting: RHB Alex Belton
|
0-0: Swinging Strike 0-1: Called Strike 0-2: Grounds into double play, 6-4-3 (Groundball, 6, EV 100.0 MPH)
|
| Bottom of the 6th over - 0 runs, 0 hits, 0 errors, 2 left on base; Orem 15 - Elizabethton 0 |
| TOP OF THE 7TH |
|
Orem Owlz batting - Pitching for Elizabethton Twins : RHP John Giffin
|
|
Batting: SHB Butch Brown
|
0-0: Called Strike 0-1: Ball 1-1: Foul Ball, location: 2F 1-2: Ground out 6-3 (Groundball, 6, EV 78.8 MPH)
|
|
Pinch Hitting: RHB Luis Garcia
|
0-0: Ball 1-0: Ball 2-0: Called Strike 2-1: Ball 3-1: Foul Ball, location: 2F 3-2: Base on Balls
|
|
Batting: LHB Brett Bugge
|
0-0: Ball 1-0: Ball 2-0: Ball 3-0: Called Strike 3-1: Base on Balls Luis Garcia to second
|
|
Batting: RHB Mike Alm
|
Balk! Luis Garcia to third Brett Bugge to second 0-0: Swinging Strike 0-1: Ball 1-1: Ball 2-1: Swinging Strike 2-2: Ball 3-2: SINGLE (Groundball, 25, EV 61.9 MPH) (infield hit)
|
|
Pinch Hitting: RHB Danny Guevara
|
0-0: Foul Ball, location: 2F 0-1: Foul Ball, location: 2F 0-2: Hit by Pitch Luis Garcia scores Brett Bugge to third Mike Alm to second
|
|
Batting: RHB Danny Bjarnson
|
0-0: Ball 1-0: Ball 2-0: Swinging Strike 2-1: Foul Ball, location: 2F 2-2: Strikes out looking
|
|
Pitching: RHP Marcel Koens
|
|
|
Pinch Hitting: RHB Javier Castaneda
|
0-0: Foul Ball, location: 2F 0-1: Ball 1-1: Called Strike 1-2: Ball 2-2: Foul Ball, location: 2F 2-2: Strikes out swinging
|
| Top of the 7th over - 1 run, 1 hit, 0 errors, 3 left on base; Orem 16 - Elizabethton 0 |
| BOTTOM OF THE 7TH |
|
Elizabethton Twins batting - Pitching for Orem Owlz : RHP Owen Prouty
|
|
Now at 1B: Nick Isaac
|
|
|
Now at 2B: Danny Guevara
|
|
|
Now in LF: Luis Garcia
|
|
|
Batting: RHB Nick Phipps
|
0-0: Ball 1-0: Ball 2-0: Ball 3-0: Called Strike 3-1: Base on Balls
|
|
Batting: RHB Jimmy Mayville
|
0-0: Swinging Strike 0-1: Called Strike 0-2: Strikes out swinging
|
|
Batting: SHB Nate Januchowski
|
0-0: Ball Nick Phipps steals 2nd base 1-0: Called Strike 1-1: Ground out 6-3 (Groundball, 6M, EV 82.5 MPH) Nick Phipps to third
|
|
Batting: RHB Andrew Nicol
|
0-0: Called Strike 0-1: Ball 1-1: Called Strike 1-2: Strikes out looking
|
| Bottom of the 7th over - 0 runs, 0 hits, 0 errors, 1 left on base; Orem 16 - Elizabethton 0 |
| TOP OF THE 8TH |
|
Orem Owlz batting - Pitching for Elizabethton Twins : RHP Marcel Koens
|
|
Batting: RHB Kinya Nishimura
|
0-0: SINGLE (Groundball, 56D, EV 99.4 MPH)
|
|
Batting: RHB Jose Ramirez
|
0-0: Ball 1-0: Called Strike 1-1: Swinging Strike 1-2: Ball 2-2: Ball 3-2: Hit by Pitch Kinya Nishimura to second
|
|
Batting: SHB Butch Brown
|
0-0: Foul Ball, location: 2F 0-1: Foul Ball, location: 2F 0-2: Fly out, F8 (Line Drive, 8LD, EV 93.8 MPH)
|
|
Batting: RHB Luis Garcia
|
0-0: Called Strike 0-1: Ball 1-1: Foul Ball, location: 2F 1-2: Foul Ball, location: 2F 1-2: Foul Ball, location: 2F 1-2: Ball 2-2: Strikes out looking
|
|
Batting: LHB Brett Bugge
|
0-0: Swinging Strike 0-1: Fly out, F2 (Popup, 3SF, EV 80.6 MPH)
|
| Top of the 8th over - 0 runs, 1 hit, 0 errors, 2 left on base; Orem 16 - Elizabethton 0 |
| BOTTOM OF THE 8TH |
|
Elizabethton Twins batting - Pitching for Orem Owlz : RHP Owen Prouty
|
|
Batting: LHB David Campbell
|
0-0: Ball 1-0: Ball 2-0: Ball 3-0: Called Strike 3-1: Base on Balls
|
|
Batting: SHB Dan Morataya
|
0-0: Called Strike 0-1: Swinging Strike 0-2: Ball 1-2: Foul Ball, location: 2F 1-2: Ball 2-2: Foul Ball, location: 2F 2-2: Foul Ball, location: 2F 2-2: SINGLE (Line Drive, 9LM, EV 109.4 MPH) David Campbell to second
|
|
Batting: SHB Chris Hull
|
0-0: Ball 1-0: Ball 2-0: Called Strike 2-1: Foul Ball, location: 2F 2-2: Strikes out swinging
|
|
Pinch Hitting: LHB Jiong Shui
|
0-0: Ball 1-0: DOUBLE (Line Drive, 78D, EV 106.9 MPH) David Campbell scores Dan Morataya to third Runner from 3rd tries for Home, SAFE, no throw by CF
|
|
Pinch Hitting: LHB Diego Gutierres
|
0-0: Ball 1-0: Ball 2-0: Swinging Strike 2-1: Ball 3-1: Called Strike 3-2: Base on Balls
|
|
Batting: RHB Nick Phipps
|
0-0: Called Strike 0-1: Foul Ball, location: 2F 0-2: Ball 1-2: Strikes out looking
|
|
Batting: RHB Jimmy Mayville
|
0-0: Called Strike 0-1: Ball 1-1: Ball 2-1: Foul Ball, location: 2F 2-2: Foul Ball, location: 2F 2-2: Foul Ball, location: 2F 2-2: Strikes out swinging
|
| Bottom of the 8th over - 2 runs, 2 hits, 0 errors, 2 left on base; Orem 16 - Elizabethton 2 |
| TOP OF THE 9TH |
|
Orem Owlz batting - Pitching for Elizabethton Twins : RHP Marcel Koens
|
|
Now at 3B: Ryan Hawkins
|
|
|
Now at SS: Jorge Corte
|
|
|
Batting: RHB Mike Alm
|
0-0: Ball 1-0: SINGLE (Groundball, 56D, EV 94.4 MPH)
|
|
Batting: RHB Danny Guevara
|
0-0: Ball 1-0: Ball 2-0: Called Strike 2-1: Swinging Strike 2-2: Ball 3-2: Base on Balls Mike Alm to second
|
|
Batting: RHB Danny Bjarnson
|
0-0: Called Strike 0-1: Ball Passed Ball! Mike Alm to third Danny Guevara to second 1-1: Fly out, F8 (Flyball, 89M, EV 86.2 MPH)
|
|
Batting: LHB Nick Isaac
|
0-0: Ball 1-0: SINGLE (Groundball, 56D, EV 96.2 MPH) Mike Alm scores Danny Guevara to third
|
|
Batting: RHB Kinya Nishimura
|
0-0: Called Strike 0-1: Ball 1-1: Fielders Choice at 2nd, 5-4 (Groundball, 56, EV 108.1 MPH) Danny Guevara scores
|
|
Pitching: RHP Miguel Cardona
|
|
|
Batting: RHB Jose Ramirez
|
0-0: Called Strike 0-1: Swinging Strike 0-2: Strikes out swinging
|
| Top of the 9th over - 2 runs, 2 hits, 0 errors, 1 left on base; Orem 18 - Elizabethton 2 |
| BOTTOM OF THE 9TH |
|
Elizabethton Twins batting - Pitching for Orem Owlz : RHP Owen Prouty
|
|
Batting: SHB Nate Januchowski
|
0-0: Hit by Pitch
|
|
Pitching: RHP Danny Nava
|
|
|
Batting: RHB Andrew Nicol
|
0-0: Ball 1-0: Foul Ball, location: 2F 1-1: Ball 2-1: Foul Ball, location: 2F 2-2: Ball 3-2: Strikes out swinging
|
|
Batting: LHB David Campbell
|
0-0: Ball 1-0: Called Strike 1-1: Swinging Strike 1-2: Ball 2-2: Foul Ball, location: 2F 2-2: SINGLE (Line Drive, 8LS, EV 98.8 MPH) Nate Januchowski to second
|
|
Batting: SHB Dan Morataya
|
0-0: Foul Ball, location: 2F 0-1: Ball 1-1: Ball 2-1: Ball 3-1: Foul Ball, location: 2F 3-2: Base on Balls Nate Januchowski to third David Campbell to second
|
|
Batting: SHB Chris Hull
|
0-0: SINGLE (Groundball, 4MD, EV 96.2 MPH) Nate Januchowski scores David Campbell to third Dan Morataya to second
|
|
Batting: RHB Jorge Corte
|
0-0: Called Strike 0-1: DOUBLE (Line Drive, 9LM, EV 94.4 MPH) David Campbell scores Dan Morataya scores Chris Hull to third
|
|
Batting: RHB Ryan Hawkins
|
0-0: Ball 1-0: Swinging Strike 1-1: DOUBLE (Groundball, 5L, EV 105.0 MPH) Chris Hull scores Jorge Corte scores
|
|
Pitching: RHP Tim Anderson
|
|
|
Pinch Hitting: RHB Aaron Dusch
|
0-0: Ball 1-0: Ball 2-0: Ball 3-0: Base on Balls
|
|
Batting: RHB Jimmy Mayville
|
0-0: Ball 1-0: Ball 2-0: Called Strike 2-1: Ball 3-1: Base on Balls Ryan Hawkins to third Aaron Dusch to second
|
|
Batting: SHB Nate Januchowski
|
0-0: Ball 1-0: Foul Ball, location: 2F 1-1: Swinging Strike 1-2: Foul Ball, location: 2F 1-2: Ball 2-2: SINGLE (Groundball, 6D, EV 107.5 MPH) Ryan Hawkins scores Aaron Dusch to third Jimmy Mayville to second
|
|
Batting: RHB Andrew Nicol
|
0-0: Foul Ball, location: 2F 0-1: Foul Ball, location: 2F 0-2: Ball 1-2: DOUBLE (Line Drive, 7LS, EV 93.8 MPH) Aaron Dusch scores Jimmy Mayville scores Nate Januchowski to third
|
|
Batting: LHB David Campbell
|
0-0: Ball 1-0: Ball 2-0: Ball 3-0: Base on Balls
|
|
Batting: SHB Dan Morataya
|
0-0: Ball Wild Pitch! Nate Januchowski scores Andrew Nicol to third David Campbell to second 1-0: Ball 2-0: Ball 3-0: Base on Balls
|
|
Batting: SHB Chris Hull
|
0-0: Ball 1-0: Ball 2-0: Fly out, F8 (Line Drive, 8RD, EV 91.2 MPH) Runner from 3rd tags up, SCORES, no throw by CF
|
|
Pitching: RHP Ed Raleigh
|
|
|
Batting: RHB Jorge Corte
|
0-0: Swinging Strike 0-1: Ball 1-1: Swinging Strike 1-2: Strikes out looking
|
| Bottom of the 9th over - 10 runs, 6 hits, 0 errors, 2 left on base; Orem 18 - Elizabethton 12 |
|